 Dungeon Crawl Stone Soup version 0.21-a0-519-gb765982 (webtiles) character file.

74 slep the Skirmisher (level 4, -1/35 HPs)
             Began as a Demonspawn Monk on Dec 5, 2017.
             Slain by a worm (7 damage)
             ... on level 2 of the Dungeon.
             The game lasted 00:03:23 (983 turns).

slep the Skirmisher (Demonspawn Monk)                Turns: 983, Time: 00:03:24

Health: -1/35      AC:  5    Str: 11    XL:     4   Next: 10%
Magic:  4/4        EV:  9    Int: 11    God:
Gold:   58         SH:  7    Dex: 17    Spells: 3/3 levels left

rFire    . . .     SeeInvis .   a - +0 hand axe
rCold    . . .     Gourm    .   n - +0 shield
rNeg     . . .     Faith    .   d - +0 ring mail
rPois    .         Spirit   .   (no helmet)
rElec    .         Reflect  .   (no cloak)
rCorr    .         Harm     .   (no gloves)
MR       .....                  (no boots)
Stlth    +.........             (no amulet)
HPRegen  0.11/turn              (no ring)
MPRegen  0.09/turn              (no ring)

@: no status effects
A: spiny 1
a: no special abilities


You were on level 2 of the Dungeon.
You were not hungry.

You visited 1 branch of the dungeon, and saw 2 of its levels.

You collected 58 gold pieces.

Inventory:

Hand Weapons
 a - a +0 hand axe (weapon)
 f - a +1 spear of distortion
Armour
 b - a +0 robe
 d - a +0 ring mail (worn)
 n - a +0 shield (worn)
Scrolls
 e - 4 scrolls of remove curse {unknown}
 l - a scroll of immolation {unknown}
 o - a scroll of magic mapping {unknown}
 p - 2 scrolls of teleportation {unknown}
 q - 2 scrolls of noise {unknown}
Potions
 g - a potion of haste {unknown}
 h - a potion of ambrosia {unknown}
 i - 2 potions of curing {unknown}
 k - a potion of degeneration {unknown}
Comestibles
 c - 2 bread rations
 j - a meat ration
 m - 3 fruits
 r - 3 chunks of flesh


   Skills:
 + Level 3.4 Fighting
 + Level 3.3 Axes
 + Level 1.0 Armour
 + Level 3.3 Dodging
 + Level 2.0 Stealth


You had 3 spell levels left.
You didn't know any spells.

Dungeon Overview and Level Annotations

Branches:
Dungeon (2/15)

Altars:


Innate Abilities, Weirdness & Mutations

You are partially covered in sharp spines.


Message History

You block the leopard gecko's attack. The worm bites you!
* * * LOW HITPOINT WARNING * * *
You slash the leopard gecko!
You kill the leopard gecko!
You hit the worm. You hit the worm.
The worm is moderately wounded.
The worm is struck by your spines. The worm bites you but does no damage.
You completely miss the worm.
The worm is moderately wounded.
The worm is struck by your spines. The worm closely misses you.
You hit the worm.
The worm is heavily wounded.
You hit the worm.
The worm is severely wounded.
The worm barely misses you.
You barely miss the worm.
The worm is severely wounded.
The worm bites you!
You die...

#..# ##.# ###
#####.## ....
+......# ....
####+#.##
.... #......#
.... #..?...#
####
#.##......#.#
#=..†@.(....#
####.w...#..#
+.....+.>#
#.....####
#.....#
#.....#
#(....#
#######


You could see a worm.

Vanquished Creatures
  3 adders (D:2)
  2 worms (D:2)
  A dart slug (D:1)
  A leopard gecko (D:2)
  4 giant cockroaches
  5 goblins
  6 hobgoblins
  4 jackals (D:2)
  4 bats
  3 frilled lizards (D:2)
  A kobold (D:1)
  4 rats
38 creatures vanquished.

Notes
Turn   | Place    | Note
-------+----------+-------------------------------------------
     0 | D:1      | slep the Demonspawn Monk began the quest for the Orb.
     0 | D:1      | Reached XP level 1. HP: 18/18 MP: 1/1
   135 | D:1      | Gained mutation: You are partially covered in sharp spines. [demonic ancestry]
   135 | D:1      | Reached XP level 2. HP: 24/24 MP: 2/2
   637 | D:2      | Reached XP level 3. HP: 29/29 MP: 3/3
   918 | D:2      | Reached XP level 4. HP: 8/35 MP: 4/4
   976 | D:2      | Reached skill level 1 in Armour
   983 | D:2      | Slain by a worm

Vault maps used:
D:1:      saegor_arrival_under_anarchy
D:2:      minmay_shallow_snake_nest

Skill      XL: |  1  2  3  4 |
---------------+-------------+-----
Dodging        | 3 |  3.3
Axes           | 3 |  3.3
Stealth        | 2 |  2.0
Armour         | 1 |  1.0
Fighting       | |  3.4

Action                   |  1- 3 |  4- 6 || total
-------------------------+-------+-------++-------
Melee: Hand axe          |   102 |    13 ||   115
 Stab: Sleeping          |     1 |     1 ||     2
Armor: Ring mail         |    32 |     4 ||    36
Dodge: Dodged            |    49 |     4 ||    53
Block: Shield            |    12 |     5 ||    17

Table legend:
 A = Spawn XP
 B = Non-spawn XP
 C = Spawn XP percentage of total XP
 D = Spawn monster count
 E = Non-spawn monster count
 F = Spawn count percentage of total count
 G = Total turns spent on level
                    A         B        C        D         E        F      G
               +---------+---------+-------+---------+---------+-------+---------
         Total |       0 |     107 |   0.0 |       0 |      38 |   0.0 |   983
               +---------+---------+-------+---------+---------+-------+---------
           D:1 |       0 |      28 |   0.0 |       0 |      16 |   0.0 |   597
           D:2 |       0 |      79 |   0.0 |       0 |      22 |   0.0 |   386
               +---------+---------+-------+---------+---------+-------+---------
